 Dungeon Crawl Stone Soup version 0.31.0-11-ge490571c62 (webtiles) character file.

Game seed: 5634539225115874507

398 qw the Shooter (level 6, 0/30 HPs)
             Began as a Spriggan Hunter on Feb 3, 2024.
             Slain by an iguana (4 damage)
             ... on level 4 of the Dungeon.
             The game lasted 00:01:06 (3226 turns).

qw the Shooter (Spriggan Hunter)                    Turns: 3226, Time: 00:01:06

Health: 0/30       AC:  4    Str:  7    XL:     6   Next: 53%
Magic:  7/7        EV: 21    Int: 11    God:
Gold:   155        SH:  0    Dex: 20    Spells: 5/5 levels left

rFire   . . .        a - +2 shortbow
rCold   . . .        (shield currently unavailable)
rNeg    . . .        c - +0 robe
rPois   .            g - +2 hat {SInv}
rElec   .            (no cloak)
rCorr   .            (gloves unavailable)
SInv    +            (boots unavailable)
Will    +....        (no amulet)
Stlth   ++           (no ring)
HPRegen 0.25/turn    (no ring)
MPRegen 0.10/turn

%: no passive effects
@: very quick
A: very small, no large weapons, unfitting armour, see invisible, speed 3
a: no special abilities


You were on level 4 of the Dungeon.
You visited 1 branch of the dungeon, and saw 4 of its levels.
You also visited: Sewer.

You collected 155 gold pieces.


Innate Abilities, Weirdness & Mutations

You are very small and have problems with some larger weapons.
You are too small for most types of armour.
You have supernaturally acute eyesight. (SInv)
You cover ground extremely quickly. (Speed+++)


   Skills:
 - Level 2.1 Fighting
 + Level 6.4 Ranged Weapons
 - Level 6.0 Dodging
 - Level 1.5 Stealth


You had 5 spell levels left.
You didn't know any spells.
Your spell library was empty.

Inventory:

Hand Weapons
 a - a +2 shortbow (weapon)
Armour
 c - a +0 robe (worn)
 g - a +2 hat of see invisible (worn)
Scrolls
 k - a scroll of enchant armour
Potions
 b - a potion of haste
 d - a potion of might {unknown}
 e - a potion of mutation {unknown}
 f - a potion of cancellation {unknown}
 h - a potion of resistance {unknown}
 i - a potion of curing {unknown}
 m - a potion of enlightenment {unknown}

Dungeon Overview and Level Annotations

Branches:
Dungeon (4/15)              Sewer (visited)
 Temple: D:4-7

Altars:
Xom


Message History

You shoot an arrow.
The arrow hits the orc but does no damage.
You shoot an arrow. The arrow hits the orc.
The orc is almost dead.
The orc hits you with a +0 club.
You shoot an arrow. The arrow barely misses the orc.
The arrow closely misses the orc wizard.
The orc hits you with a +0 dagger.
You shoot an arrow.
The arrow hits the orc but does no damage.
The orc is almost dead.
The orc barely misses you. x2; The orc wizard completely misses you.
The orc closely misses you. The orc wizard misses you.
The orc hits you but does no damage.
You shoot an arrow. The arrow hits the orc.
You kill the orc!
The orc wizard barely misses you. The orc misses you.
You shoot an arrow. The arrow hits the orc!
You kill the orc!
The orc wizard gestures at you while chanting.
The puff of flame hits you!
You shoot an arrow. The arrow hits the orc wizard.
The orc wizard is moderately wounded.
The orc wizard closely misses you. The iguana bites you!
You shoot an arrow. The arrow hits the orc wizard!
You kill the orc wizard!
The iguana misses you.
You shoot an arrow. The arrow completely misses the iguana.
The iguana completely misses you.
You shoot an arrow. The arrow closely misses the iguana.
The iguana misses you.
You shoot an arrow. The arrow hits the iguana!
The iguana is heavily wounded.
The iguana barely misses you.
You shoot an arrow. The arrow closely misses the iguana.
The iguana completely misses you.
You shoot an arrow. The arrow hits the iguana.
The iguana is severely wounded.
The iguana bites you.
You die...

#.#.####.........
#......#.........
#[###.#.....#..#
###.......(...#..%
###........#...##...
###...%.............##
..............#..##.##
...###l)...######.....##
....).)@.#............ #
....#.#.#######...###.##
. ...... ### ...###### #
... .. .


You could see an iguana.

Vanquished Creatures
  A bullfrog (Sewer)
  Terence (D:2)
  2 orc wizards
  Robin (D:2)
  5 adders
  4 gnolls (D:4)
  15 dart slugs
  7 orcs
  12 endoplasms
  7 giant cockroaches
  15 goblins
  9 hobgoblins
  5 jackals (D:1)
  2 kobolds
  2 quokkas
  14 ball pythons
  4 bats
  12 frilled lizards
  10 rats
128 creatures vanquished.

Vanquished Creatures (others)
  A ribbon worm (D:3)
1 creature vanquished.

Grand Total: 129 creatures vanquished

Notes
Turn   | Place    | Note
-------+----------+-------------------------------------------
     0 | D:1      | qw the Spriggan Hunter began the quest for the Orb.
     0 | D:1      | Reached XP level 1. HP: 10/10 MP: 2/2
     0 | D:1      | 0 ||| qw: Version: 0.3-a-155-g5e7d8dd
     0 | D:1      | 0 ||| qw: Game counter: 3120
     0 | D:1      | 0 ||| qw: Melee chars always use a shield: true
     0 | D:1      | 0 ||| qw: God list: Okawaru
     0 | D:1      | 0 ||| qw: Allow faded altars: false
     0 | D:1      | 0 ||| qw: Do Orc after clearing Dungeon:15 true
     0 | D:1      | 0 ||| qw: Do second Lair branch before Depths: true
     0 | D:1      | 0 ||| qw: Lair rune preference: random
     0 | D:1      | 0 ||| qw: Goals: Normal
     0 | D:1      | 0 ||| PLANNING D:1-11
    76 | D:1      | Reached skill level 3 in Dodging
   172 | D:1      | Reached XP level 2. HP: 10/14 MP: 3/3
   859 | D:1      | 859 ||| READING scroll labelled AZIETOBAQE.
   859 | D:1      | 859 ||| ENCHANTING +0 shortbow.
   860 | D:1      | 860 ||| READING scroll labelled HOESMI AROUTOST.
   860 | D:1      | Identified a scroll of acquirement
   860 | D:1      | 860 ||| ACQUIRING +2 hat of see invisible
   860 | D:1      | Acquired a +2 hat of see invisible
   862 | D:1      | 862 ||| UPGRADING to +2 hat of see invisible.
   867 | D:1      | 867 ||| DRINKING 2 ruby potions.
   868 | D:1      | 868 ||| DROPPING scroll of butterflies.
   869 | D:1      | 869 ||| DROPPING potion of degeneration.
  1065 | D:2      | Reached XP level 3. HP: 18/18 MP: 4/4
  1296 | D:2      | Noticed Robin
  1316 | D:2      | Killed Robin
  1395 | D:2      | Reached XP level 4. HP: 22/22 MP: 5/5
  1403 | D:2      | Noticed Terence
  1411 | D:2      | Killed Terence
  1869 | D:2      | 1869 ||| READING scroll labelled BISSONAJ QOWUUMAOW.
  1870 | D:2      | 1870 ||| READING scroll labelled QUOJ IMPAM HESCHY.
  1870 | D:2      | 1870 ||| ENCHANTING +0 shortbow.
  1871 | D:2      | 1871 ||| READING scroll labelled ERPHIO BANNAMPO.
  1871 | D:2      | 1871 ||| IDENTIFYING pink potion
  1872 | D:2      | 1872 ||| READING scroll labelled ZOF LIAFEANAHI.
  1973 | D:2      | 1973 ||| DRINKING 2 fizzy silvery potions.
  2020 | D:2      | 2020 ||| DROPPING potion of lignification.
  2033 | D:3      | 2033 ||| PLANNING SEWER
  2056 | D:3      | Found a glowing drain.
  2069 | Sewer    | Entered a sewer
  2221 | Sewer    | Reached XP level 5. HP: 26/26 MP: 6/6
  2379 | Sewer    | Reached skill level 6 in Ranged Weapons
  2379 | Sewer    | Reached XP level 6. HP: 28/30 MP: 7/7
  2387 | Sewer    | 2387 ||| READING scroll of enchant weapon.
  2387 | Sewer    | 2387 ||| ENCHANTING +1 shortbow.
  2406 | D:3      | 2406 ||| PLANNING D:1-11
  2760 | D:3      | Found a faded altar of an unknown god.
  2782 | D:3      | Identified the +7 quarterstaff "Eraxephibo" {freeze, rElec
                  | rC+}
  2872 | D:3      | Found a shimmering altar of Xom.
  3045 | D:3      | 3045 ||| READING scroll labelled HOUHUD XIEPI.
  3048 | D:3      | 3048 ||| READING scroll labelled ULECAIQAHI.
  3119 | D:4      | Reached skill level 6 in Dodging
  3220 | D:4      | HP: 2/30 [iguana (13)]
  3226 | D:4      | Slain by an iguana

Levels and vault maps discovered:
D:1:      dpeg_arrival_round_b, layout_loops_corners
D:2:      layout_basic, minivault_19, grunt_ministairs_15, uniq_robin,
          uniq_terence
D:3:      layout_loops_cross, xom_confusion_cloud, cheibrodos_sewer_entry_drain,
          chequers_ecumenical_altar_simple_redux, minmay_tree_intersection,
          hangedman_glass_teeth, hangedman_abyss_or_decor_lesser_grid,
          chequers_jeans
D:4:      layout_basic, uniq_blork_the_orc

Skill      XL: |  1  2  3  4  5  6 |
---------------+-------------------+-----
Dodging        | 3 4 5 6 |  6.0
Ranged Weapons | 5 6 |  6.4
Fighting       | 2 |  2.1
Stealth        | |  1.5

Action                     |  1- 3 |  4- 6 || total
---------------------------+-------+-------++-------
   Fire: Shortbow          |   121 |   206 ||   327
    Use: Scroll            |     2 |     7 ||     9
         Potion            |     1 |     1 ||     2
 Armour: Robe              |    24 |    21 ||    45
  Dodge: Dodged            |    82 |    67 ||   149

Table legend:
 A = Non-vault XP
 B = Vault XP
 C = Vault XP percentage of total XP
 D = Non-vault monster count
 E = Vault monster count
 F = Vault count percentage of total count
                 A         B        C        D         E       F
            +---------+---------+-------+---------+---------+-------
      Total |     244 |     325 |  57.1 |      60 |      68 |  53.1
            +---------+---------+-------+---------+---------+-------
        D:1 |      38 |       0 |   0.0 |      24 |       0 |   0.0
        D:2 |      35 |      78 |  69.0 |      14 |      15 |  51.7
        D:3 |      51 |      17 |  25.0 |       9 |       9 |  50.0
        D:4 |     120 |       0 |   0.0 |      13 |       0 |   0.0
      Sewer |       0 |     230 | 100.0 |       0 |      44 | 100.0
            +---------+---------+-------+---------+---------+-------
